AoeStats
← hitman_aoe

Arabian Desert

510378391Analyzed
1v1 RM · 1d ago on Sep 30, 2026· 28m 53s· 2 players
Game mode
Random Map
Map size
Tiny (2 player)
Population
200
Speed
Normal
Resources
Standard
Victory
Conquest
Starting age
Dark Age
Ending age
Imperial Age
RankedLock teamsTeams togetherTeam positionsShared explorationLock speedFull tech treeHidden civsTurbo modeCheats
Victory
Defeat
🇩🇪 Italians · Germany
1750
+14
🇺🇸 Wu · United States
1699
-14
hitman_aoe
6:58 Loom
9:37 Feudal Age
10:12 Man-at-Arms
15:12 Arson
17:53 Town Watch
18:23 Fletching
20:23 Wheelbarrow
24:00 Castle Age
22:08 Padded Archer Armor
22:59 Scale Mail Armor
23:35 Forging
23:56 Gold Mining
24:55 Chain Mail Armor
25:02 Squires
Mewes96
6:07 Loom
9:10 Feudal Age
9:22 Man-at-Arms
13:34 Fletching
17:33 Padded Archer Armor
21:20 Castle Age
19:39 Double-Bit Axe
19:35 Horse Collar
21:37 Crossbowman
22:16 Bodkin Arrow
24:31 Ballistics
26:55 Scale Barding Armor
27:01 Forging
Connection lost

Rejoining the realm…

Still unreachable

The connection could not be restored.

Session expired

The server has moved on; the page needs a fresh start.